 Dungeon Crawl Stone Soup version 0.26.1-11-gd32895ea62 (webtiles) character file.

Game seed: 15673084084382655205

215 Cheops the Stinger (level 5, 0/36 HPs)
             Began as an Octopode Transmuter on May 18, 2021.
             Was an Initiate of Okawaru.
             Killed from afar by an orc wizard (9 damage)
             ... with a magic dart
             ... on level 4 of the Dungeon.
             The game lasted 00:09:23 (3365 turns).

Cheops the Stinger (Octopode Transmuter)            Turns: 3365, Time: 00:09:24

Health: 0/36       AC:  6    Str: 10    XL:     5   Next: 92%
Magic:  2/8        EV: 23    Int: 15    God:    Okawaru [......]
Gold:   193        SH:  0    Dex: 20    Spells: 2/8 levels left

rFire    . . .     SeeInvis .     - Unarmed
rCold    . . .     Faith    .   (shield currently unavailable)
rNeg     + . .     Spirit   .   (helmet currently unavailable)
rPois    x         Reflect  .   (no amulet)
rElec    .         Harm     .   c - +4 ring of protection
rCorr    .         Rampage  .   d - ring of flight
Will     .....                  f - ring of positive energy
Stlth    +.........             k - ring of attention (curse)
HPRegen  0.52/turn              (no ring)
MPRegen  0.11/turn              (no ring)
                                (no ring)
                                (no ring)

@: spider-form, slowed, very slow
A: tiny, almost no armour, stealthy swim, (amphibious), 8 rings, (constrict 8),
repulsion field 1, agile 1, regeneration 1, robust 1
a: End Transformation, Renounce Religion, Evoke Flight


You were on level 4 of the Dungeon.
You worshipped Okawaru.
Okawaru was noncommittal.
You were a venomous arachnid creature.
You visited 2 branches of the dungeon, and saw 5 of its levels.

You collected 193 gold pieces.

Inventory:

Hand Weapons
 g - a +1 dagger of venom
Missiles
 h - 121 stones (quivered)
 q - 7 boomerangs
Armour
 i - a +1 buckler
Jewellery
 c - a +4 ring of protection (left front leg)
 d - a ring of flight (right front leg)
 f - a ring of positive energy (on tentacle)
 k - a cursed ring of attention (on tentacle)
Wands
 n - a wand of disintegration (6)
Scrolls
 a - a scroll of identify
 l - 3 scrolls of teleportation
 o - a scroll of blinking {unknown}
Potions
 b - a potion of haste
 e - 3 potions of might {unknown}
 j - a potion of attraction {unknown}
 m - a potion of cancellation {unknown}


   Skills:
 - Level 1.0 Fighting
 - Level 3.0 Dodging
 - Level 4.0 Unarmed Combat
 - Level 2.0 Spellcasting
 - Level 2.0 Transmutations
 + Level 5.1 Poison Magic


You had 2 spell levels left.
You knew the following spells:

 Your Spells              Type           Power        Failure   Level
a - Beastly Appendage     Tmut           14%          24%         1
s - Spider Form           Tmut/Pois      6%           34%         3
w - Wereblood             Tmut           7%           32%         2

Your spell library contained the following spells:

 Spells                   Type           Power        Failure   Level
 Ice Form                 Ice/Tmut       4%           93%         4
 Blade Hands              Tmut           3%           99%         5


Dungeon Overview and Level Annotations

Branches:
Dungeon (4/15)             Temple (1/1) D:4

Altars:
Ashenzari
Cheibriados
Dithmenos
Elyvilon
Fedhas
Gozag
Okawaru
Sif Muna
Trog
Uskayaw
Vehumet
Wu Jian
Xom
Yredelemnul
Zin
The Shining One


Innate Abilities, Weirdness & Mutations

You cannot wear most types of armour.
You are very stealthy in the water. (Stealth+)
((You are amphibious.))
You can wear up to eight rings at the same time.
((You can use your tentacles to constrict eight enemies at once.))
((Your skin changes colour to match your surroundings (Stealth+).))
((Your rubbery body absorbs attacks. (AC +1, EV +1)))
You are surrounded by a mild repulsion field. (EV +2)
You are agile. (Dex +2)
Your natural rate of healing is unusually fast.
You are robust. (+10% HP)


Message History

The orc hits you with a +0 trident.
* * * LOW HITPOINT WARNING * * *
You bite the orc!
You kill the orc!
Okawaru accepts your kill. The orc wizard closely misses you.
You barely miss the orc wizard.
The orc wizard points at you and mumbles some strange words.
The magic dart hits you!
* * * LOW HITPOINT WARNING * * *
You hit the orc wizard.
The orc wizard is poisoned.
The orc wizard is moderately wounded.
The orc wizard gestures at you while chanting.
You feel yourself slow down.
You hit the orc wizard but do no damage.
The orc wizard looks as sick as possible!
The orc wizard is heavily wounded.
The orc wizard points at you and mumbles some strange words.
The magic dart hits you!
You die...

#.#
##....
#.#
.....
#.#
#.###.
#.# .#
#.# #.#
#.#
#.####
#).s)#
####o#
...#
.#.#.#
........
## ...
### ...$
.....


You could see an orc wizard (extremely poisoned).

Vanquished Creatures
  2 hounds
  An orc priest (D:4)
  5 adders
  A worm (D:2)
  2 dart slugs
  4 leopard geckos
  3 orcs
  9 bats
  A giant cockroach (D:4)
  9 goblins
  5 hobgoblins
  3 jackals (D:2)
  4 quokkas
  4 frilled lizards
  6 kobolds
  10 rats
69 creatures vanquished.

Vanquished Creatures (others)
  A plant (D:1)
1 creature vanquished.

Grand Total: 70 creatures vanquished

Notes
Turn   | Place    | Note
-------+----------+-------------------------------------------
     0 | D:1      | Cheops the Octopode Transmuter began the quest for the Orb.
     0 | D:1      | Reached XP level 1. HP: 13/13 MP: 3/3
   266 | D:1      | Reached XP level 2. HP: 18/18 MP: 5/5
   498 | D:1      | Learned a level 2 spell: Wereblood
   642 | D:1      | Reached XP level 3. HP: 23/23 MP: 6/6
  1035 | D:1      | Learned a level 3 spell: Spider Form
  1608 | D:2      | Reached skill level 1 in Poison Magic
  1616 | D:2      | Reached XP level 4. HP: 26/28 MP: 7/7
  1661 | D:2      | Reached skill level 2 in Poison Magic
  1918 | D:2      | Reached skill level 3 in Poison Magic
  2311 | D:3      | Reached XP level 5. HP: 33/33 MP: 4/8
  2395 | D:3      | Found a blossoming altar of Fedhas.
  3016 | D:3      | Gained mutation: You are robust. (+10% HP) [potion of
                  | mutation]
  3016 | D:3      | Gained mutation: Your natural rate of healing is unusually
                  | fast. [potion of mutation]
  3016 | D:3      | Gained mutation: You are agile. (Dex +2) [potion of
                  | mutation]
  3016 | D:3      | Gained mutation: You are surrounded by a mild repulsion
                  | field. (EV +2) [potion of mutation]
  3040 | D:4      | Found a staircase to the Ecumenical Temple.
  3059 | D:4      | Reached skill level 4 in Poison Magic
  3067 | Temple   | Entered the Ecumenical Temple
  3233 | Temple   | Became a worshipper of Warmaster Okawaru
  3358 | D:4      | Reached skill level 5 in Poison Magic
  3365 | D:4      | Killed from afar by an orc wizard

Illustrated notes

Levels and vault maps discovered:
D:1:      wander_arrival_fairy_ring, layout_loops_ring
D:2:      layout_basic
D:3:      layout_basic, fedhas_altar_4
D:4:      layout_loops_ring, nicolae_overflow_hidden_temple,
          gammafunk_temple_overflow_wave, minmay_temple_entry_statues_pillars
Temple:   regret_index_temple_sphere_string

Skill      XL: |  1  2  3  4  5 |
---------------+----------------+-----
Unarmed Combat | 4 |  4.0
Dodging        | 3 |  3.0
Poison Magic   | 1 3 5 |  5.1
Fighting       | |  1.0
Spellcasting   | |  2.0
Transmutations | |  2.0

Action                   |  1- 3 |  4- 6 || total
-------------------------+-------+-------++-------
Melee: Unarmed           |    80 |    91 ||   171
       Constrict         |    18 |    23 ||    41
       Tentacles         |     5 |    14 ||    19
       Kick              |     2 |     1 ||     3
       Punch             |       |     2 ||     2
Throw: Stone             |       |    23 ||    23
 Cast: Beastly Appendage |     2 |     3 ||     5
       Spider Form       |       |     3 ||     3
  Use: Scroll            |       |     5 ||     5
       Potion            |       |     1 ||     1
 Stab: Sleeping          |     8 |       ||     8
Armor: Skin              |    22 |    16 ||    38
Dodge: Dodged            |    41 |    78 ||   119
